 Dungeon Crawl Stone Soup version 0.25-a0-589-g1e14c549ee (webtiles) character file.

Game seed: 16339781474084630454, levelgen mode: deterministic

46 KiliKikkendorf the Slasher (level 3, 0/30 HPs)
             Began as a Minotaur Gladiator on Mar 11, 2020.
             Slain by Terence
             ... wielding a +5 vorpal flail
              (1 damage)
             ... on level 2 of the Dungeon.
             The game lasted 00:07:21 (747 turns).

KiliKikkendorf the Slasher (Minotaur Gladiator)      Turns: 747, Time: 00:07:22

Health: 0/30       AC:  9    Str: 19    XL:     3   Next: 46%
Magic:  2/2        EV: 11    Int:  5    God:
Gold:   76         SH:  0    Dex: 11    Spells: 2/2 levels left

rFire    . . .     SeeInvis .   a - +0 long sword
rCold    + . .     Gourm    .   (no shield)
rNeg     . . .     Faith    .   m - +0 scale mail
rPois    .         Spirit   .   c - +0 hat
rElec    .         Reflect  .   e - +2 cloak
rCorr    .         Harm     .   (no gloves)
MR       .....                  (no boots)
Stlth    ..........             (no amulet)
HPRegen  0.10/turn              l - ring of protection from cold
MPRegen  0.08/turn              i - ring of wizardry

@: no status effects
A: retaliatory headbutt, horns 2
a: no special abilities


You were on level 2 of the Dungeon.
You were not hungry.

You visited 1 branch of the dungeon, and saw 2 of its levels.

You collected 76 gold pieces.

Inventory:

Hand Weapons
 a - a +0 long sword (weapon)
Missiles
 g - 42 sling bullets
Armour
 c - a +0 hat (worn)
 e - a +2 cloak (worn)
 m - a +0 scale mail (worn)
Jewellery
 i - a ring of wizardry (right hand)
 l - a ring of protection from cold (left hand)
Scrolls
 j - a scroll of magic mapping
Comestibles
 f - 3 rations


   Skills:
 + Level 2.6 Fighting
 + Level 4.6 Long Blades
 - Level 2.0 Throwing
 + Level 1.2 Armour
 - Level 3.6 Dodging
 * Level 1.0 Unarmed Combat


You had 2 spell levels left.
You didn't know any spells.
Your spell library was empty.

Dungeon Overview and Level Annotations

Branches:
Dungeon (2/15)

Altars:
Uskayaw

Annotations:
D:2 Terence


Innate Abilities, Weirdness & Mutations

You reflexively headbutt those who attack you in melee.
You have a pair of horns on your head.


Message History

Press: ? - help, Shift-Dir - straight line, f/p - Terence
Aim: Terence, wielding a +5 vorpal flail and wearing a +0 scale mail You throw a throwing net.
The throwing net closely misses Terence.
You barely miss Terence.
Terence hits you with a +5 vorpal flail.
You closely miss Terence.
Terence hits you with a +5 vorpal flail!
You barely miss Terence. You headbutt Terence.
Terence is moderately wounded.
Terence hits you with a +5 vorpal flail.
You hit Terence but do no damage.
Terence is moderately wounded.
Terence hits you with a +5 vorpal flail.
* * * LOW HITPOINT WARNING * * *
x2 You closely miss Terence.
Your headbutt misses Terence.
Terence is moderately wounded.
Terence hits you with a +5 vorpal flail.
* * * LOW HITPOINT WARNING * * *
You die...

..#(.(.# #
#.#....#
#.#......#
#........#
#.?......#
#........#
#......@.# #@.#
##.# ##.## #...#
##....#.## #.###
...... ..# #.#
......##.###.#
#.......##..####
#..............#


You could see Terence.

Vanquished Creatures
  An ooze (D:2)
  A dart slug (D:1)
  A leopard gecko (D:1)
  A ball python (D:1)
  2 giant cockroaches (D:1)
  7 goblins
  3 hobgoblins (D:1)
  6 jackals
  2 kobolds (D:1)
  5 bats
  2 frilled lizards
  3 rats (D:1)
34 creatures vanquished.

Notes
Turn   | Place    | Note
-------+----------+-------------------------------------------
     0 | D:1      | KiliKikkendorf the Minotaur Gladiator began the quest for
                  | the Orb.
     0 | D:1      | Reached XP level 1. HP: 18/18 MP: 0/0
   131 | D:1      | Reached skill level 4 in Long Blades
   155 | D:1      | Reached XP level 2. HP: 25/25 MP: 1/1
   271 | D:1      | Reached skill level 1 in Armour
   363 | D:1      | Reached XP level 3. HP: 23/30 MP: 2/2
   563 | D:2      | Found a hide-covered altar of Uskayaw.
   721 | D:2      | Reached skill level 1 in Unarmed Combat
   738 | D:2      | Noticed Terence
   747 | D:2      | HP: 1/30 [Terence/+5 vorpal flail (4)]
   747 | D:2      | Slain by Terence

Levels and vault maps discovered:
D:1:      eino_arrival_cavern_b, layout_loops_ring
D:2:      layout_rooms, lemuel_crystal_altar, lemuel_crystal_altar,
          grunt_temple_overflow_diamond, uniq_terence

Skill      XL: |  1  2  3 |
---------------+----------+-----
Long Blades    | 4 |  4.6
Armour         | 1 |  1.2
Unarmed Combat | 1 |  1.0
Fighting       | |  2.6
Throwing       | |  2.0
Dodging        | |  3.6

Action                   || total
-------------------------++-------
Melee: Long sword        ||    65
       Headbutt          ||    11
Throw: Throwing net      ||     3
  Use: Scroll            ||     4
 Stab: Sleeping          ||     1
Armor: Leather armour    ||     8
       Scale mail        ||     8
       Ring mail         ||     7
Dodge: Dodged            ||    43
       Rpst.: Long sword ||    12

Table legend:
 A = Non-vault XP
 B = Vault XP
 C = Vault XP percentage of total XP
 D = Non-vault monster count
 E = Vault monster count
 F = Vault count percentage of total count
                 A         B        C        D         E       F
            +---------+---------+-------+---------+---------+-------
      Total |      67 |       0 |   0.0 |      34 |       0 |   0.0
            +---------+---------+-------+---------+---------+-------
        D:1 |      47 |       0 |   0.0 |      25 |       0 |   0.0
        D:2 |      20 |       0 |   0.0 |       9 |       0 |   0.0
            +---------+---------+-------+---------+---------+-------
